 Dungeon Crawl Stone Soup version 0.28.0 (webtiles) character file.

Game seed: 3748644665747784904

13400 trckry the Summoner (level 12, -2/160 HPs)
             Began as an Ogre Summoner on Feb 16, 2022.
             Was an Elder of Ru.
             Succumbed to a black mamba's poison
             ... on level 1 of the Lair of Beasts.
             The game lasted 00:46:02 (15084 turns).

trckry the Summoner (Ogre Summoner)                Turns: 15084, Time: 00:46:02

Health: -2/160     AC: 26    Str: 14 (15) XL:     12   Next: 5%
Magic:  25/25      EV:  1    Int: 17 (20) God:    Ru [****..]
Gold:   520        SH:  0    Dex:  8 (9)  Spells: 19/29 levels left

rFire   x . .      SeeInvis .   j - +2 dagger (venom)
rCold   x . .      Faith    .   (no shield)
rNeg    . . .      Spirit   .   (armour currently unavailable)
rPois   +          Reflect  .   (helmet currently unavailable)
rElec   .          Harm     .   (cloak currently unavailable)
rCorr   .          Rampage  .   (gloves unavailable)
Will    +....      NoTele   +   (boots unavailable)
Stlth   +.........              z - amulet of magic regeneration
HPRegen 0.36/turn               h - ring of wizardry
MPRegen 0.59/turn               c - ring of poison resistance

@: brilliant, lethally poisoned (-2 -> -11), tree-form
A: stationary, stasis, torment immunity, boosted hp, large, unfitting armour,
frail 1, (tough skin 1), temperature sensitive
a: Renounce Religion, Draw Out Power, Power Leap


You were on level 1 of the Lair of Beasts.
You worshipped Ru.
Ru was greatly pleased with you.
You were a tree.
You visited 3 branches of the dungeon, and saw 12 of its levels.
You also visited: Ossuary and Bailey.

You collected 520 gold pieces.

Inventory:

Hand Weapons
 j - a +2 dagger of venom (weapon)
 G - a +0 spectral quarterstaff
 L - the +3 triple crossbow of Johozad {freeze, rElec Will- Str+6 Int+2}
   (You took it off an orc in a bailey)

   Any ammunition fired from it freezes those it strikes, dealing additional
   cold damage.
   It can also slow down cold-blooded creatures.
   Str:       It affects your strength (+6).
   Int:       It affects your intelligence (+2).
   rElec:     It insulates you from electricity.
   Will:      It decreases your willpower.
Missiles
 b - 23 poisoned darts (quivered)
 u - 285 stones
Armour
 B - a +1 cloak (melded)
 M - +0 steam dragon scales (melded)
Jewellery
 a - a +4 ring of slaying
 c - a ring of poison resistance (right branch)
 h - a ring of wizardry (left branch)
 k - a ring of protection from cold
 o - a ring of see invisible
 z - an amulet of magic regeneration (around neck)
 I - a ring of ice
 N - a ring of protection from fire
Wands
 y - a wand of flame (14)
 C - a wand of polymorph (8)
 D - a wand of digging (3)
Scrolls
 d - 4 scrolls of fog {unknown}
 e - a scroll of silence {unknown}
 i - 7 scrolls of identify {unknown}
 n - a scroll of amnesia {unknown}
 q - 7 scrolls of teleportation {unknown}
 w - 2 scrolls of blinking {unknown}
 x - a scroll of noise {unknown}
 E - 2 scrolls of enchant armour {unknown}
 H - a scroll of brand weapon {unknown}
 K - 3 scrolls of enchant weapon {unknown}
 O - a scroll of torment {unknown}
Potions
 f - 3 potions of brilliance
 g - 2 potions of flight {unknown}
 l - 2 potions of haste
 m - 3 potions of berserk rage {unknown}
 p - 2 potions of attraction {unknown}
 r - 3 potions of lignification
 s - 3 potions of heal wounds {unknown}
 t - 8 potions of degeneration
 v - a potion of invisibility {unknown}
 A - 2 potions of mutation {unknown}
 F - a potion of magic {unknown}
 J - a potion of experience


   Skills:
 + Level 7.7 Fighting
 + Level 2.6 Armour
 + Level 5.7 Dodging
 - Level 1.4 Stealth
 + Level 9.0 Spellcasting
 * Level 11.5 Summonings
 - Level 6.0 Air Magic
 + Level 4.8 Evocations


You had 19 spell levels left.
You knew the following spells:

 Your Spells              Type           Power      Damage    Failure   Level
a - Summon Small Mammal   Summ           100%       N/A       1%          1
b - Call Imp              Summ           63%        N/A       1%          2
c - Call Canine Familiar  Summ           63%        N/A       1%          3
d - Summon Lightning Spi  Summ/Air       54%        N/A       1%          4

Your spell library contained the following spells:

 Spells                   Type           Power      Damage    Failure   Level
 Shock                    Conj/Air       100%       1d9       1%          1
 Summon Guardian Golem    Hex/Summ       40%        N/A       1%          3
 Swiftness                Air            42%        N/A       1%          3
 Airstrike                Air            21%        N/A       3%          4
 Pain                     Necr           44%        1d6       4%          1
 Sandblast                Erth           22%        2d7       4%          1
 Ensorcelled Hibernation  Hex/Ice        22%        N/A       6%          2
 Passwall                 Tmut/Erth      9%         N/A       6%          2
 Dazzling Flash           Conj/Hex       22%        N/A       12%         3
 Stone Arrow              Conj/Erth      22%        3d8       12%         3
 Silence                  Hex/Air        13%        N/A       28%         5
 Leda's Liquefaction      Hex/Erth       5%         N/A       34%         4
 Agony                    Necr           11%        N/A       67%         5
 Excruciating Wounds      Necr           5%         N/A       67%         5
 Ignition                 Fire           5%         3d4       100%        8


Dungeon Overview and Level Annotations

Branches:
Dungeon (10/15)            Temple (1/1) D:5            Lair (1/6) D:10
    Orc (0/2) D:10        Ossuary (visited)          Bailey (visited)

Altars:
Ashenzari
Cheibriados
Dithmenos
Elyvilon
Fedhas
Gozag
Hepliaklqana
Kikubaaqudgha
Makhleb
Nemelex Xobeh
Okawaru
Qazlal
Ru
Sif Muna
Trog
Uskayaw
Vehumet
Wu Jian
Xom
Yredelemnul
Zin
The Shining One

Shops:
D:6 *


Innate Abilities, Weirdness & Mutations

You are a tree.
Your roots penetrate the ground, keeping you stationary.
You cannot be teleported.
You are immune to unholy pain and torment.
Your maximum health is greatly increased.
Your equipment is partially melded.
You are too large for most types of armour.
You are frail. (-10% HP)
((You have tough skin. (AC +1)))
You are sensitive to extremes of temperature. (rF-, rC-)


Message History

Confirm with . or Enter, or press ? or * to list all spells.
You feel very sick. The black mamba bites you.
You are more poisoned.
The black mamba poisons you!
The black mamba is stunned by your conviction and fails to attack.
You feel extremely sick.
You feel very sick. The black mamba bites you!
* * * LOW HITPOINT WARNING * * *
Your wolf bites the black mamba but does no damage.
The black mamba barely misses you.
Your wolf barely misses the black mamba.
You closely miss the black mamba.
The black mamba is heavily wounded.
* * * LOW HITPOINT WARNING * * *
You feel very sick. The black mamba bites you!
* * * LOW HITPOINT WARNING * * *
Your wolf completely misses the black mamba.
The black mamba bites you.
* * * LOW HITPOINT WARNING * * *
Your wolf misses the black mamba.
It was a potion of degeneration.
There was something very wrong with that liquid.
You feel weakened.
You feel dopey.
You feel clumsy.
* * * LOW HITPOINT WARNING * * *
You feel very sick.
You redirect the black mamba's attack!
The black mamba misses itself.
Your wolf bites the black mamba.
It was a potion of lignification.
You turn into a tree.
Your +1 cloak melds into your body.
Your +0 steam dragon scales melds into your body.
Your roots penetrate the ground.
* * * LOW HITPOINT WARNING * * *
You feel very sick.
Your wolf bites the black mamba.
It was a potion of brilliance.
You feel clever all of a sudden.
You die...

....................
...####...####.....#
#..####..+####....#.
##..##.......##....#.
##...##.......##....#.
#..#.##.......+.....#.
#..##.....##......#.......
#..#.#...#.^......##....#.
.......h♣.#.......#....+.
##..#.♣...####..###....#P
# #..#...S..#P##.#........
#.##.....#.#..............
....#.....##..............
.....##'###...............
##..#.....####.##.......##
♣.#...#÷.#.#..♣.###.....##
.................##.....##


You could see a black mamba (wandering, blind, ally target) and a friendly wolf
(summoned).

Vanquished Creatures
  A boulder beetle (D:10)
  An orc knight (Bailey)
  A deep elf pyromancer (D:9)
  A cane toad (Lair:1)
  An unseen horror (D:10)
  A komodo dragon (Lair:1)
  A shadow (D:10)
  A wyvern (D:10)
  2 yaks
  A water moccasin (D:10)
  A sky beast (D:6)
  A centaur (D:10)
  A bullfrog (Lair:1)
  A water moccasin zombie (Ossuary)
  A scorpion (D:6)
  2 killer bees (D:10)
  A crimson imp (D:4)
  A centaur zombie (D:9)
  A killer bee zombie (D:9)
  An ogre zombie (D:10)
  A mummy (Ossuary)
  3 gnolls
  4 adders
  A white imp (D:4)
  An adder zombie (Ossuary)
  9 orcs
  6 ball pythons
  5 endoplasms
  5 giant cockroaches
  10 goblins
  3 hobgoblins
  A jackal (D:1)
  2 kobolds (D:3)
  A quokka (D:1)
  6 bats
  4 frilled lizards
  A hobgoblin zombie (Ossuary)
  A kobold zombie (Ossuary)
  An orc zombie (D:10)
  5 rats
92 creatures vanquished.

Vanquished Creatures (collateral kills)
  An orc warlord (Bailey)
  2 two-headed ogres (D:7)
  2 orc knights (Bailey)
  A deep elf pyromancer (D:10)
  Maggie (D:9)
  2 trolls
  10 yaks
  A shadow (D:10)
  2 basilisks
  A water moccasin (D:10)
  A sky beast (D:5)
  A black bear (D:6)
  8 orc warriors
  3 ice beasts
  2 centaurs
  2 ogres
  3 phantoms
  A kobold brigand (D:5)
  2 bullfrogs
  A gnoll sergeant (D:7)
  4 water moccasin zombies (Ossuary)
  2 scorpions
  A troll zombie (D:10)
  5 killer bees
  3 wights (D:8)
  A lava snake (D:9)
  5 hounds
  A bullfrog zombie (D:7)
  2 jellies
  A gnoll shaman (D:7)
  3 orc priests (D:9)
  3 iguanas
  5 orc wizards
  6 ogre zombies (D:10)
  A hound skeleton (D:4)
  2 mummies
  16 gnolls
  3 adders
  A white imp (D:5)
  2 ufetubi (D:5)
  6 adder zombies
  An adder skeleton (D:4)
  A dart slug (D:4)
  33 orcs
  5 endoplasms
  2 giant cockroaches (D:1)
  2 gnoll zombies (Ossuary)
  11 goblins
  8 hobgoblins
  2 jackals (D:1)
  8 kobolds
  3 quokkas
  3 ball pythons
  A frilled lizard (D:2)
  2 goblin skeletons (D:10)
  6 goblin zombies (D:10)
  2 hobgoblin skeletons (D:10)
  6 hobgoblin zombies
  A jackal skeleton (D:4)
  3 kobold zombies (Ossuary)
  2 orc skeletons (D:10)
  13 orc zombies
  A rat (D:2)
236 creatures vanquished.

Vanquished Creatures (others)
  An orc zombie (D:10)
  4 fungi (D:10)
  11 plants (D:10)
16 creatures vanquished.

Grand Total: 344 creatures vanquished

Notes
Turn   | Place    | Note
-------+----------+-------------------------------------------
     0 | D:1      | trckry the Ogre Summoner began the quest for the Orb.
     0 | D:1      | Reached XP level 1. HP: 16/16 MP: 3/3
   601 | D:1      | Reached XP level 2. HP: 24/24 MP: 1/5
   604 | D:1      | Learned a level 2 spell: Call Imp
   801 | D:1      | Reached skill level 4 in Summonings
   865 | D:1      | Found a faded altar of an unknown god.
  1686 | D:1      | Reached XP level 3. HP: 31/31 MP: 2/7
  2453 | D:1      | Learned a level 3 spell: Call Canine Familiar
  2610 | D:2      | Reached XP level 4. HP: 39/39 MP: 3/9
  2991 | D:2      | Reached skill level 5 in Summonings
  2991 | D:2      | Reached XP level 5. HP: 26/45 MP: 6/10
  3153 | D:2      | You fall into a shaft and drop 1 floor!
  3400 | D:3      | Learned a level 4 spell: Summon Lightning Spire
  3436 | D:3      | Found a sacrificial altar of Ru.
  3462 | D:3      | Became a worshipper of Ru the Awakened
  4114 | D:4      | Noticed an ogre
  4124 | D:4      | Killed an ogre
  4125 | D:4      | Reached XP level 6. HP: 49/53 MP: 6/12
  4238 | D:4      | Reached skill level 1 in Air Magic
  4270 | D:4      | Found a sand-covered staircase.
  4412 | Ossuary  | Entered an ossuary
  4751 | Ossuary  | Reached skill level 6 in Summonings
  4973 | Ossuary  | Reached XP level 7. HP: 59/59 MP: 7/14
  5001 | Ossuary  | HP: 8/59 [hobgoblin zombie (1)]
  5009 | Ossuary  | Reached skill level 5 in Spellcasting
  5460 | D:4      | Found a white marble altar of Elyvilon.
  5886 | D:4      | Gained mutation: You are sensitive to extremes of
                  | temperature. (rF-, rC-) [Ru sacrifice]
  5886 | D:4      | Reached * piety under Ru
  5886 | D:4      | Reached ** piety under Ru
  6354 | D:5      | Entered Level 5 of the Dungeon
  6526 | D:5      | Reached skill level 7 in Summonings
  6655 | D:5      | Reached XP level 8. HP: 51/67 MP: 11/16
  7087 | D:5      | Identified the +5 dagger of Qadghan {vorpal, rN+ Str+3
                  | Dex-2}
  7606 | D:5      | Found a staircase to the Ecumenical Temple.
  7616 | Temple   | Entered the Ecumenical Temple
  8091 | D:6      | Reached skill level 8 in Summonings
  8291 | D:6      | Found an iron altar of Okawaru.
  8632 | D:6      | Reached XP level 9. HP: 74/74 MP: 14/19
  8675 | D:6      | Found Neimp's General Store.
  8935 | D:6      | Found a shimmering altar of Xom.
  9038 | D:7      | Noticed a two-headed ogre
  9048 | D:7      | Killed a two-headed ogre
  9049 | D:7      | Reached skill level 1 in Evocations
  9588 | D:7      | Noticed a two-headed ogre
  9596 | D:7      | Killed a two-headed ogre
  9597 | D:7      | Reached skill level 9 in Summonings
  9597 | D:7      | Reached skill level 5 in Air Magic
  9836 | D:7      | Gained mutation: You are frail. (-10% HP) [Ru sacrifice]
  9836 | D:7      | Reached *** piety under Ru
  9836 | D:7      | Reached **** piety under Ru
 10027 | D:8      | Reached XP level 10. HP: 66/81 MP: 21/21
 10945 | D:9      | Found a flagged portal.
 10976 | Bailey   | Entered a bailey
 11097 | Bailey   | Noticed an orc knight
 11127 | Bailey   | Killed an orc knight
 11148 | Bailey   | Noticed an orc knight
 11172 | Bailey   | Killed an orc knight
 11173 | Bailey   | Noticed an orc warlord
 11197 | Bailey   | HP: 10/84 [hobgoblin (8)]
 11202 | Bailey   | Killed an orc warlord
 11203 | Bailey   | Reached skill level 5 in Fighting
 11203 | Bailey   | Reached skill level 10 in Summonings
 11430 | Bailey   | Noticed an orc knight
 11453 | Bailey   | Killed an orc knight
 11454 | Bailey   | Reached XP level 11. HP: 78/94 MP: 18/23
 11527 | Bailey   | Identified the +3 triple crossbow of Johozad {freeze, rElec
                  | Will- Str+6 Int+2}
 11772 | D:9      | Noticed Maggie
 11784 | D:9      | Killed Maggie
 11985 | D:9      | Found a radiant altar of Vehumet.
 12013 | D:9      | Found a glowing silver altar of Zin.
 12231 | D:9      | Noticed a deep elf pyromancer
 12244 | D:9      | Killed a deep elf pyromancer
 12393 | D:9      | Got Yneifargh's Tome of the Enthralling Blaze
 12848 | D:10     | Entered Level 10 of the Dungeon
 12978 | D:10     | Reached skill level 1 in Armour
 13005 | D:10     | Reached skill level 5 in Dodging
 13229 | D:10     | Found a staircase to the Lair.
 13286 | D:10     | Reached skill level 11 in Summonings
 13287 | D:10     | Noticed a boulder beetle
 13320 | D:10     | Killed a boulder beetle
 13337 | D:10     | Noticed a deep elf pyromancer
 13346 | D:10     | Killed a deep elf pyromancer
 13574 | D:10     | Found a staircase to the Orcish Mines.
 14233 | Lair:1   | Entered Level 1 of the Lair of Beasts
 14615 | Lair:1   | Reached XP level 12. HP: 73/106 MP: 22/24
 15081 | Lair:1   | HP: 6/107 [black mamba (13)]
 15082 | Lair:1   | HP: 2/107 [poisoned by a black mamba]
 15084 | Lair:1   | Succumbed to a black mamba's poison

Illustrated notes

Levels and vault maps discovered:
D:1:      lightli_arrival_chessboard, layout_loops_corners,
          shapermc_ecumenical_altar_ellora
D:2:      layout_loops_cross, minmay_pentomino_r2
D:3:      layout_rooms, hangedman_ru_absence, hex_intersection
D:4:      layout_rooms, elyvilon_altar_5, gup_ossuary_entry_pyramid,
          minmay_fire_ice_demons
D:5:      layout_loops_corners, minmay_temple_entry_poolview
D:6:      layout_loops_cross, mainiacjoe_overflow_small_starburst,
          kennysheep_little_box, serial_shops, nicolae_shop_advertising_works
          [nicolae_subvault_shop_adworks], corner_web_ring, st_stairs_6
D:7:      layout_basic
D:8:      layout_cave_pools
D:9:      layout_stronghold, mainiacjoe_overflow_catch_the_wave, enter_bailey_5,
          uniq_maggie
D:10:     layout_gridville, minmay_lair_entry_grove, zombieorc2_lemuel
Temple:   regret_index_temple_sphere_string
Lair:1:   layout_regular_city, grunt_megastairs_1

Skill      XL: |  1  2  3  4  5  6  7  8  9 10 11 12 |
---------------+-------------------------------------+-----
Summonings     | 4 5 6 7 8 9 10 11 | 11.5
Spellcasting   | 3 4 5 6 7 8 9 |  9.0
Air Magic      | 1 2 4 5 6 |  6.0
Fighting       | 3 5 7 |  7.7
Dodging        | 3 4 5 |  5.7
Evocations     | 2 3 4 |  4.8
Armour         | 2 |  2.6
Stealth        | |  1.4

Action                   |  1- 3 |  4- 6 |  7- 9 | 10-12 || total
-------------------------+-------+-------+-------+-------++-------
Melee: Hand axe          |    85 |    51 |       |       ||   136
       Punch             |     1 |     1 |     1 |     3 ||     6
       Dagger            |       |   108 |   113 |   182 ||   403
 Cast: Summon Small Mamm |    14 |       |       |       ||    14
       Call Imp          |    10 |     4 |    10 |     6 ||    30
       Call Canine Famil |     2 |    11 |    39 |    39 ||    91
       Summon Lightning  |       |       |     8 |    44 ||    52
Invok: Sacrifice Resista |       |       |     1 |       ||     1
       Sacrifice Health  |       |       |     1 |       ||     1
       Draw Out Power    |       |       |       |     1 ||     1
       Power Leap        |       |       |       |     1 ||     1
       Reject Sacrifices |       |       |       |     1 ||     1
  Use: Potion            |       |       |       |     3 ||     3
 Stab: Sleeping          |     3 |       |     1 |       ||     4
       Distracted        |     1 |       |       |     4 ||     5
       Petrified         |       |       |       |     2 ||     2
Armor: Robe              |    38 |    53 |    31 |    11 ||   133
       Steam dragon scal |       |       |       |    37 ||    37
Dodge: Dodged            |    75 |    86 |    60 |   103 ||   324
